 Dungeon Crawl Stone Soup version 0.28-a0-1510-gd0f6b136d3 (webtiles) character file.

Game seed: 3146087951994500150

8274 BlueFish the Covert (level 11, -7/121 HPs)
             Began as a Vampire Delver on Jan 16, 2022.
             Was a Believer of Dithmenos.
             Killed from afar by a gargoyle (16 damage)
             ... with a stone arrow
             ... in a volcano.
             The game lasted 00:30:12 (12244 turns).

BlueFish the Covert (Vampire Delver)               Turns: 12244, Time: 00:30:12

Health: -7/121     AC: 25    Str: 11    XL:     11   Next: 7%
Magic:  0/18       EV:  2    Int: 13    God:    Dithmenos [**....]
Gold:   639        SH:  0    Dex: 20    Spells: 20/20 levels left

rFire   . . .      SeeInvis +   t - +1 dagger (venom)
rCold   . . .      Faith    .   (no shield)
rNeg    . . .      Spirit   +   (armour currently unavailable)
rPois   +          Reflect  .   (helmet currently unavailable)
rElec   .          Harm     .   (cloak currently unavailable)
rCorr   .          Rampage  .   (gloves currently unavailable)
Will    +....      NoTele   +   (boots currently unavailable)
Stlth   ++++++....              r - amulet of guardian spirit
HPRegen 0.50/turn               C - ring of poison resistance
MPRegen 0.16/turn               A - +4 ring of evasion

@: tree-form, healing quickly, wreathed by umbra
A: stationary, stasis, torment immunity, boosted hp, alive, (fangs 3), see
invisible, vampiric 2, (talons 1), MP-powered wands
a: Exsanguinate, Renounce Religion, Shadow Step


You were in a volcano.
You worshipped Dithmenos.
Dithmenos was pleased with you.
You were a tree.
You visited 3 branches of the dungeon, and saw 11 of its levels.
You also visited: Volcano.

You collected 719 gold pieces.
You spent 80 gold pieces at shops.

Inventory:

Hand Weapons
 a - a +0 short sword
 t - a +1 dagger of venom (weapon)
 E - a +4 short sword
Missiles
 j - 15 poisoned darts (quivered)
 B - a curare-tipped dart
Armour
 b - a +0 leather armour
 m - the +1 ring mail "Onluegh" {Stlth+}
   (You found it on level 2 of the Dungeon)

   Stlth:     It makes you more stealthy.
 p - a +0 helmet (melded)
 y - the +8 chain mail of the Shrike (melded) {rCorr Dex+4}
   (You found it on level 5 of the Dungeon)

   Dex:       It affects your dexterity (+4).
   rCorr:     It protects you from acid and corrosion.
 z - a +2 cloak (melded)
 F - a +0 pair of boots (melded)
Jewellery
 e - a ring of resist corrosion
 f - a ring of protection from cold
 r - an amulet of guardian spirit (around neck)
 x - a +6 ring of intelligence
 A - a +4 ring of evasion (right branch)
 C - a ring of poison resistance (left branch)
Wands
 g - a wand of digging (8)
 h - a wand of polymorph (6)
 H - a wand of iceblast (1)
Scrolls
 c - a scroll of fog
 d - 2 scrolls of magic mapping
 l - 2 scrolls of amnesia
 n - a scroll of fear
 G - a scroll of blinking {unknown}
 I - a scroll of teleportation
Potions
 i - a potion of magic
 k - 4 potions of curing
 o - a potion of lignification
 q - 3 potions of brilliance
 s - a potion of ambrosia {unknown}
 u - a potion of cancellation {unknown}
 v - a potion of resistance {unknown}
 w - a potion of attraction {unknown}
 D - a potion of flight {unknown}


   Skills:
 + Level 6.0 Fighting
 + Level 6.8 Short Blades
 + Level 4.5 Throwing
 + Level 4.7 Armour
 + Level 6.8 Dodging
 + Level 11.5 Stealth
 + Level 5.2 Spellcasting
 * Level 4.3 Invocations
 + Level 5.1 Evocations


You had 20 spell levels left.
You didn't know any spells.
Your spell library contained the following spells:

 Spells                   Type           Power      Damage    Failure   Level
 Gell's Gravitas          Tloc           3%         N/A       50%         3
 Teleport Other           Tloc           3%         N/A       50%         3
 Dispersal                Tloc           1%         N/A       100%        6


Dungeon Overview and Level Annotations

Branches:
Dungeon (9/15)             Temple (1/1) D:5            Lair (1/6) D:9
    Orc (0/2) D:9         Volcano (1/1)

Altars:
Cheibriados
Dithmenos
Elyvilon
Fedhas
Hepliaklqana
Kikubaaqudgha
Makhleb
Okawaru
Qazlal
Ru
Sif Muna
Trog
Uskayaw
Vehumet
Wu Jian
Xom
Yredelemnul
Zin
The Shining One

Shops:
D:3 !

Annotations:
D:3 exclusion: statue
D:7 1 runed translucent door, oldriver's ghost, novice GnGl


Innate Abilities, Weirdness & Mutations

You are a tree.
Your roots penetrate the ground, keeping you stationary.
You cannot be teleported.
You are immune to unholy pain and torment.
Your maximum health is greatly increased.
Your equipment is partially melded.
Your natural rate of healing is accelerated.
((You have razor-sharp teeth.))
You have supernaturally acute eyesight. (SInv)
You are afflicted with vampirism and can become a bat while bloodless.
((You have sharp toenails.))
You expend magic power (3 MP) to strengthen your wands.


Message History

You hit the gargoyle but do no damage.
The gargoyle is severely damaged.
The gargoyle hits you but does no damage.
You hit the gargoyle.
The gargoyle is almost destroyed.
The gargoyle hurls a stone arrow at you.
The stone arrow hits you but does no damage.
You barely miss the gargoyle.
The gargoyle is almost destroyed.
You hit the gargoyle but do no damage.
The gargoyle is almost destroyed.
The gargoyle hits you but does no damage.
You hit the gargoyle but do no damage.
The gargoyle is almost destroyed.
The gargoyle hits you with a +0 flail.
* * * LOW HITPOINT WARNING * * *
You barely miss the gargoyle.
The gargoyle is severely damaged.
You hit the gargoyle.
The gargoyle is almost destroyed.
The gargoyle hits you with a +0 flail.
* * * LOW HITPOINT WARNING * * *
You closely miss the gargoyle.
The gargoyle is almost destroyed.
The gargoyle hits you with a +0 flail.
* * * LOW HITPOINT WARNING * * *
You barely miss the gargoyle.
The gargoyle is almost destroyed.
You hit the gargoyle.
The gargoyle is almost destroyed.
The gargoyle hits you with a +0 flail!
* * * LOW HITPOINT WARNING * * *
You feel better.
The gargoyle hurls a stone arrow at you.
The stone arrow hits you!
* * * LOW HITPOINT WARNING * * *
You feel better.
The gargoyle hurls a stone arrow at you.
The stone arrow hits you!
You die...

≈≈§§§§≈.# #.8_8.# #.§≈≈≈§
§≈§≈§≈§.# #.....#
§≈≈§§≈§.###++###'#
≈≈≈≈§≈≈.#......#9#
≈≈≈≈§§≈.######.#§# ≈§§≈≈≈≈.# #.#
≈§≈§≈≈≈.# #)# ≈§≈§≈≈≈.# #9#
≈≈≈≈≈≈≈.# #♣#
≈≈≈§§§≈§########+######
≈≈≈≈§≈§≈..§.......§......≈≈≈
≈≈≈≈≈≈≈§≈≈§≈≈≈≈≈≈§≈§≈§≈≈≈≈≈§§§§≈≈
§§§§§≈§§§≈≈§≈≈≈≈≈≈≈≈≈≈≈≈≈§≈≈§§≈§≈
≈≈§≈≈§§§≈§≈§≈§≈≈S≈§≈≈≈≈≈§§≈§§≈≈§≈
≈≈§≈≈≈≈§≈≈≈§§§≈≈§≈≈≈≈§≈≈§§§§≈≈≈≈≈
.§≈≈§≈≈§≈≈≈§§§≈≈≈≈§≈≈≈§§§≈§≈§≈≈≈≈
.§§§≈≈≈≈§≈§§§≈§≈≈§§§...≈§≈§§≈≈≈≈≈


You could see a gargoyle.

Vanquished Creatures
  Pikel (D:8)
  A cane toad (Lair:1)
  An efreet (Volcano)
  2 komodo dragons (Lair:1)
  A troll (D:7)
  A wraith (D:9)
  5 yaks (Lair:1)
  A wyvern (D:8)
  A fire elemental (Volcano)
  A fire bat (Volcano)
  A neqoxec (D:4)
  2 steam dragons
  Menkaure (D:5)
  A swamp worm (Lair:1)
  Edmund (D:5)
  3 water moccasins
  6 orc warriors
  A hornet zombie (D:8)
  A sky beast (D:5)
  4 black bears
  3 ogres
  2 necrophages
  2 centaurs (D:5)
  A kobold brigand (D:7)
  Blork the orc (D:4)
  5 bullfrogs
  An earth elemental (Volcano)
  3 scorpions
  3 wyvern zombies
  A water moccasin skeleton (D:5)
  6 wights
  A howler monkey (D:4)
  A lava snake (Volcano)
  A bullfrog zombie (D:7)
  3 hounds
  5 centaur zombies
  2 centaur skeletons (D:4)
  3 orc priests
  A human zombie (D:7)
  2 jellies (D:6)
  2 gnoll shamans
  2 iguanas (D:6)
  Ijyb (D:4)
  5 orc wizards
  3 killer bee zombies
  3 mummies (D:7)
  2 howler monkey zombies
  Robin (D:2)
  14 gnolls
  10 adders
  A shadow imp (D:6)
  2 white imps (D:7)
  2 ufetubi
  An adder zombie (D:5)
  3 worms
  3 dart slugs
  19 orcs
  10 endoplasms
  5 giant cockroaches
  12 goblins
  8 hobgoblins
  12 kobolds
  3 quokkas
  6 ball pythons
  6 bats
  3 frilled lizards (D:1)
  10 rats
232 creatures vanquished.

Vanquished Creatures (others)
  3 fungi (Lair:1)
  2 plants (Lair:1)
5 creatures vanquished.

Grand Total: 237 creatures vanquished

Notes
Turn   | Place    | Note
-------+----------+-------------------------------------------
     0 | D:5      | BlueFish the Vampire Delver began the quest for the Orb.
     0 | D:5      | Reached XP level 1. HP: 17/17 MP: 1/1
    33 | D:5      | Found a staircase to the Ecumenical Temple.
    43 | Temple   | Entered the Ecumenical Temple
   254 | D:5      | Reached XP level 2. HP: 9/23 MP: 2/2
   403 | D:5      | Noticed a sky beast
   498 | D:5      | Gained mutation: You are afflicted with vampirism and can
                  | become a bat while bloodless. [Vampire growth]
   498 | D:5      | Reached XP level 3. HP: 15/28 MP: 2/4
   559 | D:5      | Noticed a centaur
   726 | D:4      | Noticed Grinder
   740 | D:4      | Paralysed by Grinder for 3 turns
   745 | D:4      | Noticed Grinder
   745 | D:4      | Grinder changed into Grinder the neqoxec
   807 | D:3      | Noticed a centaur
   812 | D:3      | a centaur changed into an adder
   840 | D:3      | Reached skill level 1 in Evocations
   966 | D:3      | Reached skill level 1 in Spellcasting
   966 | D:3      | Reached XP level 4. HP: 30/35 MP: 5/5
  1000 | D:3      | Found Bunohig's Distillery.
  1006 | D:3      | Bought a potion of might for 40 gold pieces
  1006 | D:3      | Bought a potion of curing for 30 gold pieces
  1008 | D:3      | Bought a potion of degeneration for 10 gold pieces
  1086 | D:3      | Found a radiant altar of Vehumet.
  1086 | D:3      | Noticed a frost-covered statue
  1155 | D:3      | Reached skill level 1 in Armour
  1338 | D:2      | Identified the +1 ring mail "Onluegh" {Stlth+}
  1949 | D:1      | Reached XP level 5. HP: 41/41 MP: 6/6
  2798 | D:2      | Noticed Robin
  2811 | D:2      | Killed Robin
  2820 | D:2      | Reached skill level 1 in Throwing
  3356 | D:3      | Reached XP level 6. HP: 17/47 MP: 3/8
  3586 | D:3      | Reached skill level 8 in Stealth
  4015 | D:4      | Noticed Blork the orc
  4030 | D:4      | Killed Blork the orc
  4538 | D:4      | Reached XP level 7. HP: 40/53 MP: 8/10
  5125 | D:4      | Noticed Ijyb
  5144 | D:4      | Killed Ijyb
  5250 | D:4      | Gained mutation: Your magical capacity is low. (-10% MP)
                  | [Grinder]
  5252 | D:4      | Gained mutation: Your flesh is heat resistant. (rF+)
                  | [Grinder]
  5257 | D:4      | Killed Grinder the neqoxec
  5258 | D:4      | Lost mutation: Your flesh is heat resistant. (rF+) [potion
                  | of mutation]
  5258 | D:4      | Lost mutation: Your magical capacity is low. (-10% MP)
                  | [potion of mutation]
  5258 | D:4      | Gained mutation: You have a pair of small horns on your
                  | head. [potion of mutation]
  5261 | D:4      | Lost mutation: You have a pair of small horns on your head.
                  | [potion of mutation]
  5261 | D:4      | Gained mutation: You have hidden genetic potential. [potion
                  | of mutation]
  5320 | D:5      | Noticed a vampire
  5329 | D:5      | Noticed Edmund
  5336 | D:5      | Killed Edmund
  5531 | D:5      | Reached XP level 8. HP: 47/60 MP: 8/11
  5701 | D:5      | Identified the +8 chain mail of the Shrike {rCorr Dex+4}
  5887 | D:5      | Reached skill level 9 in Stealth
  5899 | D:5      | Gained mutation: You have sharp toenails. [hidden
                  | potential]
  6648 | D:5      | Noticed Menkaure
  6671 | D:5      | Killed Menkaure
  6877 | D:6      | Reached skill level 5 in Short Blades
  6877 | D:6      | Reached skill level 5 in Dodging
  6877 | D:6      | Reached XP level 9. HP: 60/66 MP: 12/14
  7209 | D:6      | Gained mutation: You expend magic power (3 MP) to
                  | strengthen your wands. [hidden potential]
  7209 | D:6      | Lost mutation: You have hidden genetic potential. [hidden
                  | potential expressed]
  7303 | D:6      | Found a stormy altar of Qazlal.
  7360 | D:6      | Reached skill level 10 in Stealth
  7769 | D:7      | Reached skill level 5 in Fighting
  7994 | D:7      | Found a shadowy altar of Dithmenos.
  7998 | D:7      | Became a worshipper of Dithmenos the Shadowed
  8049 | D:7      | Found a hazy altar of Hepliaklqana.
  8178 | D:7      | Found a sacrificial altar of Ru.
  8178 | D:7      | Noticed a troll
  8202 | D:7      | Killed a troll
  8203 | D:7      | Reached skill level 1 in Invocations
  8281 | D:7      | Found a runed translucent door.
  8282 | D:7      | Found a shimmering altar of Xom.
  8282 | D:7      | Noticed oldriver's ghost (novice GnGl)
  8283 | D:7      | Noticed a +2 falchion of chaos
  8669 | D:7      | Reached * piety under Dithmenos
  8673 | D:7      | Found an ancient bone altar of Kikubaaqudgha.
  8943 | D:7      | Reached XP level 10. HP: 66/74 MP: 14/16
  9125 | D:8      | Found a basalt altar of Yredelemnul.
  9589 | D:8      | Found an iron altar of Okawaru.
  9590 | D:8      | Found a burning altar of Makhleb.
 10031 | D:9      | Reached ** piety under Dithmenos
 10226 | D:9      | Found a staircase to the Lair.
 10306 | D:9      | Identified the +2 chain mail of Absence {Str+2 Dex+4}
 10375 | D:9      | Found a staircase to the Orcish Mines.
 10436 | D:9      | Noticed Pikel
 10512 | D:8      | Killed Pikel
 10513 | D:8      | Reached skill level 11 in Stealth
 11204 | Lair:1   | Entered Level 1 of the Lair of Beasts
 11206 | Lair:1   | Noticed a cane toad
 11213 | Lair:1   | Killed a cane toad
 11225 | Lair:1   | Noticed a seven-headed hydra
 11237 | Lair:1   | a seven-headed hydra changed into a swamp worm
 11387 | Lair:1   | Reached skill level 5 in Spellcasting
 11490 | Lair:1   | Reached skill level 5 in Evocations
 11678 | Lair:1   | Found a dark tunnel.
 11683 | Volcano  | Entered a volcano
 11816 | Volcano  | Reached XP level 11. HP: 81/81 MP: 18/18
 12006 | Volcano  | HP: 1/81 [something (17)]
 12198 | Volcano  | Found a bloodstained altar of Trog.
 12242 | Volcano  | HP: 3/121 [gargoyle (17)]
 12244 | Volcano  | Killed from afar by a gargoyle

Illustrated notes

Levels and vault maps discovered:
D:1:      shiori_arrival_oz, layout_loops_corners
D:2:      layout_loops_ring, kennysheep_doodads, uniq_robin
D:3:      layout_loops_ring, vehumet_statue, serial_shops, shop, st_stairs_6,
          minmay_crystal_room, minivault_24, minmay_misc_feat_columns,
          grunt_decor_one_mirror, hangedman_feature_mirror,
          guppyfry_early_lair_pool
D:4:      layout_basic, mrwooster_statue_mirror, minmay_close_crescents,
          uniq_ijyb, uniq_blork_the_orc, uniq_grinder
D:5:      black_bear_nest_1, layout_layer_cave, minmay_temple_entry_mist,
          st_stairs_10, uniq_menkaure, uniq_edmund
D:6:      nicolae_cairo_tiling, layout_basic, nicolae_qazlal_scattered_showers
D:7:      layout_loops_ring, lemuel_mausoleum_altar_kikubaaqudgha,
          nicolae_overflow_quartered_altars, ebering_ghost_xom,
          nicolae_elevator_lobby_plus
D:8:      layout_cave_pools, lemuel_zombie_altar_yredelemnul, minitemple
D:9:      layout_grid_maze, lair_entry_dummy, orc_david_3, uniq_pikel
Temple:   nicolae_temple_figure_zero
Lair:1:   layout_cave_pods, enter_volcano_4, uniq_joseph
Volcano:  volcano_lake [vl_original]

Skill      XL: |  1  2  3  4  5  6  7  8  9 10 |
---------------+-------------------------------+-----
Evocations     | 1 2 3 4 5 |  5.1
Fighting       | 3 4 5 6 |  6.0
Spellcasting   | 1 2 3 4 5 |  5.2
Armour         | 1 2 3 4 |  4.7
Throwing       | 1 2 3 4 |  4.5
Short Blades   | 3 4 5 6 |  6.8
Dodging        | 3 4 5 6 |  6.8
Stealth        | 8 9 10 11 | 11.5
Invocations    | 2 4 |  4.3

Action                   |  1- 3 |  4- 6 |  7- 9 | 10-12 || total
-------------------------+-------+-------+-------+-------++-------
Melee: Short sword       |    64 |   163 |       |       ||   227
       Bite              |     7 |    37 |    91 |    73 ||   208
       Punch             |       |     4 |    12 |    13 ||    29
       Dagger            |       |   152 |   520 |   479 ||  1151
       Kick              |       |       |   166 |   159 ||   325
Throw: Dart              |     8 |     1 |     4 |     2 ||    15
Evoke: Wand              |     2 |       |       |     5 ||     7
  Use: Scroll            |     1 |     2 |     5 |     2 ||    10
       Potion            |       |       |     4 |     4 ||     8
 Stab: Sleeping          |       |    21 |     9 |     5 ||    35
       Distracted        |       |       |     1 |       ||     1
Armor: Leather armour    |    14 |     4 |       |       ||    18
       Ring mail         |       |    91 |    38 |       ||   129
       Chain mail        |       |       |   278 |   166 ||   444
       Skin              |       |       |       |     6 ||     6
Dodge: Dodged            |    33 |   136 |   233 |   252 ||   654

Table legend: (Time is in decaauts)
 A = Elapsed time spent in this place.
 B = Non-inter-level travel time spent in this place.
 C = Inter-level travel time spent in this place.
 D = Time resting spent in this place.
 E = Time spent auto-exploring this place.
 F = Levels seen in this place.
 G = Mean time per level.
                   A        B        C        D        E       F      G
               +--------+--------+--------+--------+--------+-----+--------+
         Total |  11941 |  11295 |    646 |    227 |   7727 |  12 |  995.1 |
       Dungeon |  10830 |  10194 |    636 |     32 |   7552 |   9 | 1203.3 |
        Temple |    123 |    113 |     10 |      0 |    113 |   1 |  123.0 |
          Lair |    440 |    440 |      0 |      0 |     18 |   1 |  440.0 |
       Volcano |    547 |    547 |      0 |    195 |     44 |   1 |  547.0 |
               +--------+--------+--------+--------+--------+-----+--------+

Top non-repeatable levels by time:
     D:4: 1727 daAuts
     D:5: 1688 daAuts
     D:7: 1341 daAuts
     D:9: 1322 daAuts
     D:1: 1226 daAuts
     D:3: 1155 daAuts
     D:6: 801 daAuts
     D:8: 799 daAuts
     D:2: 768 daAuts
 Volcano: 547 daAuts
  Lair:1: 440 daAuts
  Temple: 123 daAuts
